 Dungeon Crawl Stone Soup version 0.24.0-2-g5b39cebb1c (webtiles) character file.

Game seed: 11811065915148120186, levelgen mode: deterministic

1319 Aviak the Skirmisher (level 8, -2/71 HPs)
             Began as a Purple Draconian Abyssal Knight on Oct 30, 2019.
             Was a Priest of Lugonu.
             Slain by an ogre
             ... wielding a +0 giant spiked club
              (24 damage)
             ... on level 8 of the Dungeon.
             The game lasted 00:07:15 (5032 turns).

Aviak the Skirmisher (DrAK)                         Turns: 5032, Time: 00:07:15

Health: -2/71      AC:  8    Str: 14    XL:     8   Next: 33%
Magic:  12/12      EV: 16    Int: 12    God:    Lugonu [***...]
Gold:   294        SH:  0    Dex: 14    Spells: 7/7 levels left

rFire    + . .     SeeInvis .   d - +1 spear (venom)
rCold    . . .     Gourm    .   (no shield)
rNeg     . . .     Faith    .   (armour unavailable)
rPois    .         Spirit   .   (helmet restricted)
rElec    .         Reflect  .   o - +0 cloak
rCorr    .         Harm     .   (no gloves)
MR       +....                  m - +0 pair of boots
Stlth    +.........             (no amulet)
HPRegen  0.21/turn              E - +1 ring of evasion
MPRegen  0.13/turn              F - ring of protection from fire

@: short of breath
A: breathe power, unfitting armour, cold-blooded, AC +6
a: Breathe Dispelling Energy, Depart the Abyss, Bend Space, Banish, Renounce
Religion


You were on level 8 of the Dungeon.
You worshipped Lugonu.
Lugonu was most pleased with you.
You were hungry.

You visited 1 branch of the dungeon, and saw 6 of its levels.
You visited the Abyss 1 time.

You collected 294 gold pieces.

Inventory:

Hand Weapons
 a - a +1 spear
 d - a +1 spear of venom (weapon)
Armour
 m - a +0 pair of boots (worn)
 o - a +0 cloak (worn)
Jewellery
 p - a +5 ring of intelligence {unknown}
 E - a +1 ring of evasion (left hand)
 F - a ring of protection from fire (right hand)
 M - an uncursed ring of protection from magic
Wands
 e - a wand of flame (25)
Scrolls
 f - 2 scrolls of enchant armour {unknown}
 i - 2 scrolls of identify
 j - a scroll of enchant weapon {unknown}
 k - a scroll of immolation {unknown}
 n - 3 scrolls of fog {unknown}
 q - 2 scrolls of magic mapping {unknown}
 r - 3 scrolls of remove curse
 s - a scroll of amnesia {unknown}
 t - 3 scrolls of teleportation
 u - a scroll of fear {unknown}
Potions
 c - 2 potions of curing
 g - a potion of berserk rage {unknown}
 h - 2 potions of heal wounds
 l - a potion of degeneration {unknown}
Comestibles
 b - 10 rations
 v - a chunk of flesh


   Skills:
 + Level 6.4 Fighting
 + Level 5.3 Polearms
 + Level 5.0 Dodging
 + Level 5.9 Invocations


You had 7 spell levels left.
You didn't know any spells.
Your spell library was empty.

Dungeon Overview and Level Annotations

Branches:
Dungeon (5/15)             Temple (0/1) D:4

Altars:
Dithmenos
Elyvilon
Fedhas
Gozag
Okawaru
Trog
Xom

Annotations:
D:3 3 runed translucent doors, Erac's ghost, amateur HaWr


Innate Abilities, Weirdness & Mutations

You can breathe bolts of dispelling energy.
Your rich purple scales are hard. (AC +6)
You cannot fit into any form of body armour.
You are cold-blooded and may be slowed by cold attacks.


Message History

* * * LOW HITPOINT WARNING * * *
You hit the ogre.
The ogre is poisoned.
The ogre is heavily wounded.
Things that are here:
a +3 shortbow; 22 arrows; a centaur skeleton You see here 2 arrows.
Things that are here:
a cursed -1 shortbow; 17 arrows The ogre barely misses you.
You see here an arrow.
You can't do that yet.
Attack whom?
Press: ? - help, Dir - move target cursor, f - ogre
Aim: an ogre, wielding a +0 giant spiked club (severely wounded, poisoned)
You reach to attack!
You hit the ogre.
The ogre looks even sicker.
The ogre is severely wounded.
You hit the ogre but do no damage.
Your tail-slap misses the ogre.
The ogre is severely wounded.
The ogre hits you with a +0 giant spiked club!!
You die...

... >..
#.# #.#
#(.
#.#######
#........
#.# #@#
#O# #.#
#)# #.#
#.#
#(#####.#
#.).††..#
#######.#


You could see an ogre.

Vanquished Creatures
  Sigmund (D:5)
  A sky beast (D:4)
  2 centaurs (D:8)
  2 ogres
  A bullfrog (D:8)
  2 howler monkeys (D:8)
  A crimson imp (D:5)
  2 hounds (D:4)
  Crazy Yiuf (D:4)
  3 orc priests (D:4)
  An iguana (D:4)
  An orc wizard (D:4)
  2 worker ants (D:5)
  Robin (D:4)
  7 adders
  An ooze (D:4)
  An adder zombie (D:5)
  2 worms (D:2)
  3 dart slugs (D:1)
  6 leopard geckos
  14 orcs
  7 bats
  13 giant cockroaches
  13 goblins
  11 hobgoblins
  5 jackals
  2 quokkas
  A ball python (D:3)
  4 frilled lizards
  A jackal skeleton (D:4)
  5 kobolds
  A leopard gecko skeleton (D:4)
  10 rats
128 creatures vanquished.

Vanquished Creatures (others)
  An ice beast (D:5)
1 creature vanquished.

Grand Total: 129 creatures vanquished

Notes
Turn   | Place    | Note
-------+----------+-------------------------------------------
     0 | Abyss:1  | Aviak the Draconian Abyssal Knight began the quest for the
                  | Orb.
     0 | Abyss:1  | Reached XP level 1. HP: 19/19 MP: 2/2
    17 | Abyss:1  | Found a shimmering altar of Xom.
    26 | D:1      | Escaped the Abyss
   259 | D:1      | Reached XP level 2. HP: 22/26 MP: 3/3
   582 | D:1      | Reached ** piety under Lugonu
   772 | D:1      | Reached XP level 3. HP: 32/33 MP: 4/4
  1202 | D:2      | Found a shadowy altar of Dithmenos.
  1327 | D:2      | Reached XP level 4. HP: 34/40 MP: 6/6
  1433 | D:2      | Reached skill level 4 in Fighting
  1715 | D:2      | Reached *** piety under Lugonu
  1848 | D:2      | Found a bloodstained altar of Trog.
  1878 | D:3      | Found a runed translucent gate.
  1878 | D:3      | Found a runed translucent gate.
  1878 | D:3      | Found a runed translucent gate.
  1878 | D:3      | Noticed Erac's ghost (amateur HaWr)
  2002 | D:3      | Reached XP level 5. HP: 40/46 MP: 7/7
  2194 | D:3      | Found a white marble altar of Elyvilon.
  2358 | D:3      | Found an opulent altar of Gozag.
  2971 | D:4      | Found a blossoming altar of Fedhas.
  3061 | D:4      | Reached XP level 6. HP: 35/53 MP: 8/8
  3255 | D:4      | Noticed a sky beast
  3268 | D:4      | Killed a sky beast
  3268 | D:4      | Reached skill level 5 in Fighting
  3399 | D:4      | Noticed Robin
  3416 | D:4      | Your scales start taking on a rich purple colour.
  3416 | D:4      | Reached XP level 7. HP: 37/61 MP: 10/10
  3421 | D:4      | Killed Robin
  3568 | D:4      | Found a staircase to the Ecumenical Temple.
  3766 | D:4      | Found a runed translucent door.
  3767 | D:4      | Noticed Crazy Yiuf
  3868 | D:4      | Killed Crazy Yiuf
  4069 | D:5      | Entered Level 5 of the Dungeon
  4135 | D:5      | Reached **** piety under Lugonu
  4260 | D:5      | Reached skill level 5 in Invocations
  4324 | D:5      | Noticed Sigmund
  4335 | D:5      | Killed Sigmund
  4505 | D:5      | Found an iron altar of Okawaru.
  4507 | D:5      | Found a shimmering altar of Xom.
  4569 | D:5      | Reached skill level 6 in Fighting
  4569 | D:5      | Reached skill level 5 in Polearms
  4569 | D:5      | Reached XP level 8. HP: 16/70 MP: 6/12
  4733 | D:5      | You fall into a shaft and drop 3 floors!
  5008 | D:8      | Reached skill level 5 in Dodging
  5032 | D:8      | Slain by an ogre

Levels and vault maps discovered:
D:1:      scummos_arrival_checkerplants, layout_basic
D:2:      layout_rooms, lightli_temple_of_fire, grunt_dithmenos_smoke
D:3:      layout_basic, nicolae_overflow_hidden_temple,
          ebering_ghost_rock_garden, first_ration, grunt_gozag_breadcrumbs
D:4:      minmay_wonky_spiral, layout_basic, lemuel_coloured_pillars_altar,
          minmay_temple_entry_statues_fountains, minmay_misc_feat_x, uniq_robin,
          uniq_crazy_yiuf_cottage
D:5:      layout_basic, makhleb_heckhound_becter,
          chequers_temple_overflow_statue_of_worship, minmay_misc_feat_square,
          minmay_fractal_squares_gapless_5, uniq_eustachio, uniq_sigmund
D:8:      minmay_curly_fans, layout_loops_ring, lemuel_doored_altar,
          cheibrodos_worm_habitat, uniq_prince_ribbit1, uniq_gastronok

Skill      XL: |  1  2  3  4  5  6  7  8 |
---------------+-------------------------+-----
Fighting       | 4 5 6 |  6.4
Invocations    | 3 4 5 |  5.9
Polearms       | 3 4 5 |  5.3
Dodging        | 3 4 5 |  5.0

Action                   |  1- 3 |  4- 6 |  7- 9 || total
-------------------------+-------+-------+-------++-------
Melee: Spear             |   124 |   192 |   136 ||   452
       Tailslap          |     7 |    14 |    11 ||    32
Invok: Banish            |       |       |     2 ||     2
 Abil: Breathe Dispellin |       |       |     4 ||     4
  Use: Potion            |       |     5 |       ||     5
       Scroll            |       |     2 |     2 ||     4
 Stab: Sleeping          |     1 |     3 |     1 ||     5
  Eat: Chunk             |     1 |     7 |     6 ||    14
Armor: Skin              |    15 |    57 |    42 ||   114
Dodge: Dodged            |    63 |    81 |    62 ||   206
